 Dungeon Crawl Stone Soup version 0.28.0-53-g5a82cb258f (webtiles) character file.

Game seed: 3172794771843848124

11088 Stomo the Brooding (level 11, -15/80 HPs)
             Began as a Demonspawn Fighter on July 2, 2022.
             Was a Priest of Hepliaklqana.
             Killed from afar by Jorgrun (51 damage)
             ... with an iron shot
             ... on level 1 of the Orcish Mines.
             The game lasted 00:19:16 (11686 turns).

Stomo the Brooding (Demonspawn Fighter)            Turns: 11686, Time: 00:19:16

Health: -15/80     AC: 12    Str: 20    XL:     11   Next: 44%
Magic:  19/19      EV: 15    Int: 11    God:    Hepliaklqana [***...]
Gold:   930        SH:  0    Dex: 12    Spells: 10/10 levels left

rFire   . . .      SeeInvis .   H - +3 dire flail (drain)
rCold   + . .      Faith    .   (shield currently unavailable)
rNeg    . . .      Spirit   .   A - +0 steam dragon scales
rPois   +          Reflect  .   (helmet restricted)
rElec   .          Harm     .   m - +1 cloak
rCorr   .          Rampage  .   i - +0 pair of gloves
Will    .....                   (no boots)
Stlth   +.........              z - amulet of regeneration
HPRegen 1.03/turn               f - ring of protection from cold
MPRegen 0.16/turn               t - ring of poison resistance

@: no status effects
A: reduced essence, horns 1, slimy green scales 1, spiny 2
a: Renounce Religion, Recall Ancestor, Ancestor Identity, Transference


You were on level 1 of the Orcish Mines.
You worshipped Hepliaklqana.
Hepliaklqana was most pleased with you.
You visited 3 branches of the dungeon, and saw 12 of its levels.

You collected 930 gold pieces.

Inventory:

Hand Weapons
 a - a +0 flail
 r - a +2 whip of electrocution
 u - a +1 whip of electrocution
 x - a +0 whip of venom
 H - a +3 dire flail of draining (weapon)
Missiles
 l - a throwing net (quivered)
Armour
 b - a +0 scale mail
 c - a +0 buckler
 i - a +0 pair of gloves (worn)
 k - a +0 helmet
 m - a +1 cloak (worn)
 A - +0 steam dragon scales (worn)
Jewellery
 f - a ring of protection from cold (left hand)
 o - an amulet of guardian spirit
 t - a ring of poison resistance (right hand)
 w - an amulet of magic regeneration
 z - an amulet of regeneration (around neck)
 B - a ring of protection from cold
Wands
 y - a wand of flame (25)
 D - a wand of digging (3)
 J - a wand of acid (7)
Scrolls
 n - 11 scrolls of identify
 p - 2 scrolls of amnesia
 s - 3 scrolls of fear
 E - 4 scrolls of teleportation
 M - a scroll of silence
Potions
 d - 2 potions of might
 e - a potion of resistance
 g - a potion of flight {unknown}
 h - a potion of heal wounds
 j - 3 potions of haste {unknown}
 q - 5 potions of attraction {unknown}
 v - 2 potions of degeneration {unknown}
 C - a potion of curing {unknown}
 F - a potion of lignification {unknown}


   Skills:
 + Level 9.0 Fighting
 + Level 8.0 Maces & Flails
 + Level 6.7 Armour
 + Level 7.6 Dodging
 - Level 2.6 Shields
 + Level 11.3 Invocations


You had 10 spell levels left.
You didn't know any spells.
Your spell library contained the following spells:

 Spells                   Type           Power      Damage    Failure   Level
 Animate Skeleton         Necr           0%         N/A       34%         1
 Pain                     Necr           0%         1d4       34%         1
 Poisonous Vapours        Pois/Air       0%         N/A       47%         2
 Ignite Poison            Fire/Tmut/Pois 0%         N/A       71%         3
 Stone Arrow              Conj/Erth      0%         3d7       71%         3
 Vampiric Draining        Necr           0%         2d6       71%         3
 Animate Armour           Summ/Erth      0%         N/A       98%         4
 Silence                  Hex/Air        0%         N/A       100%        5
 Lehudib's Crystal Spear  Conj/Erth      0%         10d2      100%        8
 Maxwell's Capacitive Co  Air            0%         ∞         100%        8


Dungeon Overview and Level Annotations

Branches:
Dungeon (10/15)            Temple (1/1) D:5            Lair (0/6) D:10
    Orc (1/2) D:10

Altars:
Ashenzari
Cheibriados
Dithmenos
Elyvilon
Fedhas
Gozag
Hepliaklqana
Kikubaaqudgha
Makhleb
Nemelex Xobeh
Okawaru
Qazlal
Ru
Sif Muna
Trog
Uskayaw
Vehumet
Wu Jian
Xom
Yredelemnul
Zin
The Shining One

Shops:
D:3 *   Orc:1 !

Annotations:
D:3 2 transporters, WANAX's ghost, amateur HOBe
D:4 2 transporters, Kranky's ghost, amateur GnWn
D:5 1 runed translucent door, InsanityWolf's ghost, novice MiGl
D:8 2 transporters
D:9 2 transporters, Barsook's ghost, novice GrFi
Orc:1 Jorgrun


Innate Abilities, Weirdness & Mutations

Your life essence is reduced to manifest your ancestor. (-10% HP)
You have a pair of small horns on your head.
You are partially covered in slimy green scales. (AC +2)
You are mostly covered in sharp spines.


Message History

The wolf barely misses you. The wolf is struck by your spines.
The wolf closely misses you. The wolf barely misses you.
You sock the wolf!
You kill the wolf!
Items here: ( ))) [ ÷.
There is a staircase back to the Dungeon here.
You start resting.
Jorgrun is nearby!
You climb upwards.
Welcome back to the Dungeon!
There is a staircase to the Orcish Mines here.
You start resting.
Fikile emerges from the mists of memory!
You start resting.
HP restored.
Press: ? - help, v - describe, . - travel
Here: Fikile the knight, wielding a +0 flail and wearing a +0 kite shield (friendly)
The floor.
You climb downwards.
Welcome back to the Orcish Mines!
Level annotation: Jorgrun
There is a staircase back to the Dungeon here.
Jorgrun hits you with a +0 vorpal quarterstaff!!
Things that are here:
a +0 chain mail; a +0 trident; an orc skeleton You miss Jorgrun.
Jorgrun is moderately wounded.
Jorgrun mutters some incantations to himself.
Jorgrun is struck by your spines.
Jorgrun hits you with a +0 vorpal quarterstaff!
You closely miss Jorgrun.
Jorgrun is heavily wounded.
You hit Jorgrun. You drain Jorgrun. You headbutt Jorgrun, but do no damage.
Jorgrun is heavily wounded.
Jorgrun hits you with a +0 vorpal quarterstaff!
You miss Jorgrun. Your headbutt misses Jorgrun.
Jorgrun is heavily wounded.
Jorgrun casts a spell at you. The iron shot hits you!!!
Ouch! That really hurt!
You die...

##.....##...##...........#...
#.......#..##.............#..
##.....................))..##
###..........................
##.#......)...[..........)....
#.....##...#..................
##....#.....).................
###.#...[[[[Rg........#......
##.##.....)@.#.........#....
##...#.[............#........
#...#..[..<>........#...##...
##.......................###.
##........................###.
#..........................#..
##...#....................###.
##..........................###
#.....#................#...##


You could see the friendly Fikile the knight and Jorgrun (drained, ally target).

Vanquished Creatures
  A two-headed ogre (D:10)
  Sonja (D:10)
  Pikel (D:5)
  Maggie (D:7)
  An unseen horror (D:9)
  A polar bear (D:9)
  A shadow (D:9)
  2 wyverns
  4 yaks (D:9)
  2 steam dragons
  5 wargs
  2 water moccasins
  An ice beast (D:6)
  A black bear (D:7)
  8 orc warriors
  A necrophage (D:5)
  An ogre (D:4)
  3 wolves
  2 centaurs (D:9)
  A phantom (D:5)
  A kobold brigand (D:6)
  2 gnoll sergeants
  A scorpion (D:6)
  A water moccasin zombie (D:5)
  6 killer bees (D:7)
  3 wights (D:8)
  An electric eel (D:9)
  5 howler monkeys
  A bullfrog zombie (D:5)
  2 centaur zombies
  A jelly (D:5)
  5 hounds
  7 orc priests
  A centaur skeleton (D:6)
  4 gnoll shamans
  Ijyb (D:3)
  2 iguanas
  7 orc wizards
  A killer bee zombie (D:8)
  A centaur simulacrum (D:9)
  2 hound skeletons (D:5)
  4 adders
  24 gnolls
  3 white imps
  2 dart slugs
  30 orcs
  A bat (D:2)
  8 endoplasms
  2 giant cockroaches
  3 hobgoblins (D:3)
  9 kobolds
  5 quokkas
  7 ball pythons
  6 frilled lizards
  7 goblins
  9 rats
215 creatures vanquished.

Vanquished Creatures (collateral kills)
  Erica (D:8)
  A two-headed ogre (D:9)
  A warg (Orc:1)
  An acid dragon (D:8)
  5 orc warriors
  An ogre (D:7)
  A wolf (Orc:1)
  A wyvern zombie (D:8)
  A hornet simulacrum (D:9)
  6 killer bees
  A wight (D:7)
  A howler monkey (D:10)
  An electric eel (D:9)
  5 orc priests
  2 orc wizards
  A howler monkey zombie (D:9)
  5 gnolls
  A white imp (D:9)
  5 orcs (D:10)
  A goblin (D:10)
42 creatures vanquished.

Vanquished Creatures (others)
  5 knights
  2 ancestors (D:7)
7 creatures vanquished.

Grand Total: 264 creatures vanquished

Notes
Turn   | Place    | Note
-------+----------+-------------------------------------------
     0 | D:1      | Stomo the Demonspawn Fighter began the quest for the Orb.
     0 | D:1      | Reached XP level 1. HP: 18/18 MP: 1/1
   389 | D:1      | Gained mutation: You are partially covered in slimy green
                  | scales. (AC +2) [demonic ancestry]
   389 | D:1      | Reached XP level 2. HP: 15/24 MP: 2/2
  1191 | D:2      | Reached skill level 1 in Dodging
  1323 | D:2      | Gained mutation: You have a pair of small horns on your
                  | head. [demonic ancestry]
  1323 | D:2      | Reached XP level 3. HP: 29/29 MP: 3/3
  1997 | D:3      | Found a transporter.
  2002 | D:3      | Noticed WANAX's ghost (amateur HOBe)
  2003 | D:3      | Found a transporter.
  2218 | D:3      | Found a faded altar of an unknown god.
  2490 | D:3      | Gained mutation: You are partially covered in sharp spines.
                  | [demonic ancestry]
  2490 | D:3      | Reached XP level 4. HP: 35/35 MP: 4/4
  2527 | D:3      | Found Ywoiky's Assorted Antiques.
  2619 | D:3      | Noticed Ijyb
  2631 | D:3      | Killed Ijyb
  2878 | D:4      | Gained mutation: You are mostly covered in sharp spines.
                  | [demonic ancestry]
  2878 | D:4      | Reached XP level 5. HP: 34/42 MP: 5/5
  2991 | D:4      | Noticed an ogre
  2998 | D:4      | Killed an ogre
  2999 | D:4      | Reached XP level 6. HP: 37/48 MP: 4/6
  3207 | D:4      | Found a transporter.
  3208 | D:4      | Noticed Kranky's ghost (amateur GnWn)
  3237 | D:4      | Found a transporter.
  3382 | D:5      | Entered Level 5 of the Dungeon
  3399 | D:5      | Noticed Pikel
  3416 | D:5      | Killed Pikel
  3417 | D:5      | Reached skill level 5 in Fighting
  3417 | D:5      | Reached XP level 7. HP: 39/56 MP: 3/7
  3835 | D:5      | Reached XP level 8. HP: 63/63 MP: 8/8
  3838 | D:5      | Reached skill level 5 in Armour
  3901 | D:5      | Found a runed translucent door.
  3950 | D:5      | Found a staircase to the Ecumenical Temple.
  4129 | Temple   | Entered the Ecumenical Temple
  4385 | Temple   | Became a worshipper of Hepliaklqana the Forgotten
  4507 | D:5      | Reached skill level 5 in Maces & Flails
  4507 | D:5      | Reached skill level 1 in Invocations
  4570 | D:5      | Noticed InsanityWolf's ghost (novice MiGl)
  4822 | D:6      | Got the Tome of Envenoming and the Birds
  4908 | D:6      | Reached skill level 2 in Invocations
  5066 | D:6      | Reached skill level 3 in Invocations
  5350 | D:6      | Reached * piety under Hepliaklqana
  5411 | D:6      | Reached skill level 4 in Invocations
  5476 | D:6      | Found a shadowy altar of Dithmenos.
  5730 | D:7      | Reached XP level 9. HP: 61/63 MP: 10/12
  5755 | D:7      | Noticed Maggie
  5778 | D:7      | Killed Maggie
  5779 | D:7      | Reached skill level 5 in Dodging
  5779 | D:7      | Reached skill level 5 in Invocations
  6022 | D:7      | Found a broken altar of Ashenzari.
  6212 | D:7      | Reached skill level 6 in Invocations
  6528 | D:7      | Reached ** piety under Hepliaklqana
  6529 | D:7      | Remembered your ancestor Fikile as a knight
  6780 | D:7      | Found a shimmering altar of Xom.
  6850 | D:8      | Noticed Erica
  6855 | D:8      | Reached skill level 7 in Invocations
  7061 | D:8      | Killed Erica
  7062 | D:8      | Reached skill level 8 in Invocations
  7065 | D:8      | Reached XP level 10. HP: 44/71 MP: 9/16
  7219 | D:8      | Found a transporter.
  7240 | D:8      | Found a transporter.
  7874 | D:9      | Reached skill level 9 in Invocations
  8019 | D:9      | Noticed a moth of wrath
  8024 | D:9      | Noticed Barsook's ghost (novice GrFi)
  8039 | D:9      | Found a transporter.
  8211 | D:9      | Reached *** piety under Hepliaklqana
  8230 | D:9      | Found a burning altar of Makhleb.
  8230 | D:9      | Found an ancient bone altar of Kikubaaqudgha.
  8230 | D:9      | Found a stormy altar of Qazlal.
  8231 | D:9      | Found a hide-covered altar of Uskayaw.
  8231 | D:9      | Found a snail-covered altar of Cheibriados.
  8232 | D:9      | Found a sacrificial altar of Ru.
  8233 | D:9      | Found a shimmering blue altar of Sif Muna.
  8901 | D:9      | Reached skill level 10 in Invocations
  9428 | D:9      | Found a transporter.
  9606 | D:9      | Noticed a two-headed ogre
  9619 | D:9      | Killed a two-headed ogre
 10108 | D:10     | Entered Level 10 of the Dungeon
 10114 | D:10     | Noticed a two-headed ogre
 10125 | D:10     | Noticed Sonja
 10192 | D:10     | Killed a two-headed ogre
 10193 | D:10     | Reached XP level 11. HP: 57/78 MP: 14/19
 10574 | D:10     | Killed Sonja
 10636 | D:10     | Found a staircase to the Orcish Mines.
 10665 | D:10     | Reached skill level 11 in Invocations
 10939 | D:10     | Found a staircase to the Lair.
 11160 | Orc:1    | Entered Level 1 of the Orcish Mines
 11471 | Orc:1    | Found Recymo's Distillery.
 11606 | Orc:1    | Noticed Jorgrun
 11686 | Orc:1    | Killed from afar by Jorgrun

Illustrated notes

Levels and vault maps discovered:
D:1:      eino_arrival_water_cross, layout_basic
D:2:      wad_pebble_path, layout_basic
D:3:      layout_loops_corners, serial_shops, shop,
          dreamdust_ecumenical_altar_statues, gammafunk_ghost_mausoleum,
          minmay_tree_intersection, minmay_cupped, uniq_ijyb
D:4:      layout_cave_pools, gammafunk_ghost_stat_death, minmay_misc_feat_five
D:5:      layout_basic, minmay_temple_entry_butterflies,
          ebering_ghost_inner_flame, uniq_pikel
D:6:      layout_basic, grunt_dithmenos_smoke_and_mirrors
D:7:      layout_gridville, mainiacjoe_overflow_alcove_4,
          nicolae_ashenzari_skybound, eino_jars, uniq_maggie
D:8:      gammafunk_wand_slinger, layout_basic, amcnicky_altar_gilded,
          uniq_erica
D:9:      layout_irregular_city, grunt_temple_overflow_open, serial_ice,
          serial_ice_i, serial_ice_c, serial_ice_m, serial_ice_g,
          gammafunk_ghost_berserking_beasts
D:10:     layout_basic, lair_entry_dummy, erik_orc_4, uniq_sonja
Temple:   jpeg_temple_alley_garden
Orc:1:    layout_caves, serial_shops, shop, mines5_lemuel, uniq_jorgrun

Skill      XL: |  1  2  3  4  5  6  7  8  9 10 11 |
---------------+----------------------------------+-----
Maces & Flails | 2 3 4 5 6 7 8 |  8.0
Armour         | 3 4 5 6 |  6.7
Dodging        | 1 2 3 4 6 7 |  7.6
Fighting       | 4 5 6 7 8 9 |  9.0
Invocations    | 4 8 10 11 | 11.3
Shields        | |  2.6

Action                   |  1- 3 |  4- 6 |  7- 9 | 10-12 || total
-------------------------+-------+-------+-------+-------++-------
Melee: Flail             |   142 |    46 |       |       ||   188
       Punch             |     2 |     1 |     2 |     1 ||     6
       Headbutt          |     7 |     9 |    39 |    30 ||    85
       Whip              |       |       |   207 |    35 ||   242
       Dire flail        |       |       |       |   177 ||   177
Invok: Ancestor Life: Kn |       |       |     1 |       ||     1
       Transference      |       |       |       |     1 ||     1
  Use: Scroll            |     1 |     3 |     3 |     5 ||    12
 Stab: Distracted        |       |       |     1 |       ||     1
Armor: Scale mail        |    67 |    23 |    57 |       ||   147
       Steam dragon scal |       |       |    16 |    58 ||    74
Dodge: Dodged            |    75 |    25 |   123 |   156 ||   379
